 Dungeon Crawl Stone Soup version 0.32-a0-33-g74fbe469d6 (webtiles) character file.

Game seed: 8911750868047830112

1586155 Ge0ff the Marksmerfolk (level 27, 181/221 (226) HPs)
             Began as a Merfolk Hexslinger on Jan 20, 2024.
             Was an Initiate of Gozag.
             Escaped with the Orb
             ... and 3 runes on Jan 21, 2024!
             The game lasted 02:54:11 (80809 turns).

Ge0ff the Marksmerfolk (Merfolk Hexslinger)        Turns: 80809, Time: 02:54:12

HP:   181/221 (226) AC: 21    Str: 10    XL:     27
MP:   32/47         EV: 37    Int: 15    God:    Gozag
Gold: 12501         SH:  0    Dex: 26    Spells: 35/48 levels left

rFire   + . .        a - +9 longbow (freeze)
rCold   + + .        (shield currently unavailable)
rNeg    + . .        D - +2 robe {rC+ rF+}
rPois   +            Q - +2 helmet {SInv}
rElec   .            L - +4 dragonskin cloak
rCorr   .            x - +2 pair of gloves {hurl}
SInv    +            Z - +2 pair of boots {Fly}
Will    ++++.        r - amulet of Mutualism {Spirit Int+2}
Stlth   +++          t - ring of Budusub {^Contam rN+ MP+9 Str-2 Stlth+, =R}
HPRegen 0.56/turn    M - ring of Mius {*Slow rPois Will++ EV+5 Slay+2}
MPRegen 0.30/turn

%: slow self (1%), guardian spirit
@: flying, very slightly contaminated, studying 3 skills, lightly drained
A: (nimble swimmer 2), mertail, cold resistance 1, sense surroundings 1,
devolution 1, persistent drain
0: Orb of Zot
}: 3/15 runes: serpentine, barnacled, silver
a: Renounce Religion, Potion Petition, Call Merchant, Bribe Branch


You escaped.
You worshipped Gozag.
Gozag was extremely pleased with you.
You visited 10 branches of the dungeon, and saw 48 of its levels.
You also visited: Ossuary, Bailey, Gauntlet, Ice Cave and Wizlab.

You collected 31383 gold pieces.
You spent 9916 gold pieces at shops.
You paid 8966 gold pieces to Gozag.

Inventory:

Hand Weapons
 a - a +9 longbow of freezing (weapon)
 b - a +6 heavy longbow
 h - the +2 orcbow of the Poles {antimagic, +Blink Int+7}
   (You bought it in a shop on level 2 of the Orcish Mines)

   Int+7:     It affects your intelligence (+7).
   +Blink:    It lets you blink.
 w - the +5 shortbow "Ciobanga" {drain, +Blink Fly rElec Int-4}
   (You found it in a Gauntlet)

   Int-4:     It affects your intelligence (-4).
   rElec:     It insulates you from electricity.
   Fly:       It grants you flight.
   +Blink:    It lets you blink.
Missiles
 e - 6 silver javelins
 g - 3 throwing nets {=F}
 i - 13 datura-tipped darts {=F}
 Y - 20 javelins
Armour
 x - a +2 pair of gloves of hurling (worn)
 D - a +2 robe of resistance (worn)
 L - the +4 dragonskin cloak (worn)
   (You took it off Tiamat on level 1 of the Realm of Zot)

   Avatar's Aegis: It grants the wearer a chance to resist fire, cold, poison,
   electricity, acid, and negative energy.
 Q - a +2 helmet of see invisible (worn)
 S - the +3 salamander hide armour {Flames, rFlCloud rF++ rC--}
   (You found it on level 1 of the Depths)

   Flames:    It surrounds you with flame clouds and enhances your fire magic.
   rFlCloud:  It grants immunity to flame clouds.
   rF++:      It greatly protects you from fire.
   rC--:      It makes you very vulnerable to cold.
 Z - a +2 pair of boots of flying (worn)
Jewellery
 r - the amulet of Mutualism (around neck) {Spirit Int+2}
   (You bought it in a shop on level 2 of the Orcish Mines)

   [amulet of guardian spirit]

   Spirit:    It causes incoming damage to be divided between your reserves of
   health and magic.
   Int+2:     It affects your intelligence (+2).
 t - the ring of Budusub (left hand) {^Contam rN+ MP+9 Str-2 Stlth+, =R}
   (You took it off a merfolk impaler on level 4 of the Shoals)

   [ring of positive energy]

   Str-2:     It affects your strength (-2).
   rN+:       It protects you from negative energy.
   MP+9:      It affects your magic capacity (+9).
   ^Contam:   It causes magical contamination when unequipped.
   Stlth+:    It makes you more stealthy.
 G - an amulet of regeneration
 M - the ring of Mius (right hand) {*Slow rPois Will++ EV+5 Slay+2}
   (You bought it in a shop on level 3 of the Dungeon)

   [ring of evasion]

   EV+5:      It affects your evasion (+5).
   Slay+2:    It affects your accuracy & damage with ranged weapons and melee
   (+2).
   rPois:     It protects you from poison Will++: It greatly increases your
   willpower.
   *Slow:     It may slow you when you take damage.
Wands
 d - a wand of digging (42)
 f - a wand of flame (75)
 j - a wand of light (48)
 k - a wand of iceblast (35)
 p - a wand of paralysis (51)
 s - a wand of mindburst (67)
 P - a wand of polymorph (23)
Scrolls
 m - a scroll of revelation
 B - 6 scrolls of blinking
 E - 2 scrolls of fear
 F - 9 scrolls of fog
 J - 2 scrolls of silence {!r}
 T - 14 scrolls of teleportation
 V - 9 scrolls of vulnerability
Potions
 o - 11 potions of ambrosia
 q - 25 potions of curing
 u - 12 potions of mutation {!q}
 z - 8 potions of brilliance
 H - 2 potions of haste {!q}
 I - a potion of invisibility
 K - a potion of magic {!q}
 N - a potion of cancellation {!q}
 R - a potion of resistance
 W - 10 potions of heal wounds {!q}
 X - 10 potions of enlightenment
Miscellaneous
 c - a condenser vane
 l - a lightning rod (4/4)
 n - a phial of floods
 O - a box of beasts
 U - a phantom mirror


   Skills:
 - Level 20.5 Fighting
 - Level 20.9 Ranged Weapons
 - Level 6.0 Throwing
 + Level 12.0 Armour
 - Level 20.5 Dodging
 + Level 16.6 Stealth
 - Level 11.0 Spellcasting
 - Level 10.0 Conjurations
 - Level 7.0 Hexes
 * Level 12.6 Translocations
 - Level 0.6 Fire Magic
 - Level 7.0 Earth Magic
 - Level 15.0 Alchemy
 - Level 20.5 Evocations


You had 35 spell levels left.
You knew the following spells:

 Your Spells              Type           Power      Damage    Failure   Level
g - Apportation           Tloc           92%        N/A       1%          1
s - Jinxbite              Hex            58%        N/A       1%          2
w - Passwall              Erth           29%        N/A       1%          3
B - Blink                 Tloc           92%        N/A       1%          2
E - Irradiate             Conj/Alch      22%        3d19      1%          5

Your spell library contained the following spells:

 Spells                   Type           Power      Damage    Failure   Level
 Foxfire                  Conj/Fire      96%        2x1d8     1%          1
 Kiss of Death            Conj/Necr      92%        2d12      1%          1
 Magic Dart               Conj           100%       1d8       1%          1
 Sandblast                Erth           58%        2d13      1%          1
 Sting                    Conj/Alch      100%       1d9       1%          1
 Cigotuvi's Dreadful Rot  Necr/Alch/Air  46%        N/A       1%          2
 Lesser Beckoning         Tloc           92%        N/A       1%          2
 Mercury Vapours          Alch/Air       60%        N/A       1%          2
 Momentum Strike          Conj/Tloc      84%        3d10      1%          2
 Confusing Touch          Hex            29%        N/A       1%          3
 Dazzling Flash           Conj/Hex       66%        N/A       1%          3
 Gell's Gravitas          Tloc           46%        N/A       1%          3
 Mephitic Cloud           Conj/Alch/Air  33%        N/A       1%          3
 Sigil of Binding         Hex            29%        N/A       1%          3
 Stone Arrow              Conj/Erth      66%        3d11      1%          3
 Teleport Other           Tloc           46%        N/A       1%          3
 Tukima's Dance           Hex            29%        N/A       1%          3
 Volatile Blastmotes      Fire/Tloc      56%        2d14      1%          3
 Dimensional Bullseye     Hex/Tloc       18%        N/A       1%          4
 Fulminant Prism          Conj/Alch      22%        3d12      1%          4
 Iskenderun's Mystic Bla  Conj/Tloc      42%        2d10      1%          4
 Leda's Liquefaction      Alch/Erth      20%        N/A       1%          4
 Petrify                  Alch/Erth      41%        N/A       1%          4
 Alistair's Intoxication  Alch           34%        N/A       1%          5
 Brom's Barrelling Bould  Conj/Erth      33%        2d5       2%          4
 Eringya's Noxious Bog    Alch           26%        4d6       2%          6
 Ensorcelled Hibernation  Hex/Ice        36%        N/A       3%          2
 Hailstorm                Conj/Ice       23%        3d7       3%          3
 Ignite Poison            Fire/Alch      31%        N/A       3%          4
 Sticky Flame             Fire/Alch      31%        2d7       3%          4
 Cause Fear               Hex            14%        N/A       4%          4
 Inner Flame              Hex/Fire       19%        N/A       5%          3
 Vhi's Electric Charge    Tloc/Air       54%        N/A       7%          4
 Dispersal                Tloc           23%        N/A       8%          6
 Freeze                   Ice            32%        1d5       9%          1
 Necrotise                Necr           32%        1d5       9%          1
 Summon Small Mammal      Summ           32%        N/A       9%          1
 Flame Wave               Conj/Fire      24%        2d8       10%         4
 Call Imp                 Summ           16%        N/A       13%         2
 Sublimation of Blood     Necr           8%         N/A       13%         2
 Lee's Rapid Deconstruct  Erth           14%        3d9*      14%         5
 Summon Forest            Summ/Tloc      13%        N/A       19%         5
 Anguish                  Hex/Necr       9%         N/A       21%         4
 Call Canine Familiar     Summ           8%         N/A       26%         3
 Frozen Ramparts          Ice            16%        1d3       26%         3
 Fugue of the Fallen      Necr           8%         N/A       26%         3
 Summon Ice Beast         Ice/Summ       8%         N/A       26%         3
 Swiftness                Air            8%         N/A       26%         3
 Vampiric Draining        Necr           8%         2d6       26%         3
 Arcjolt                  Conj/Air       11%        1d21      30%         5
 Borgnjor's Vile Clutch   Necr/Erth      9%         N/A       50%         5
 Metabolic Englaciation   Hex/Ice        9%         N/A       50%         5
 Silence                  Hex/Air        9%         N/A       50%         5
 Summon Mana Viper        Hex/Summ       18%        N/A       50%         5
 Freezing Cloud           Conj/Ice/Air   9%         6-21      54%         5
 Summon Blazeheart Golem  Fire/Summ      9%         N/A       61%         4
 Dispel Undead            Necr           8%         3d8       65%         4
 Martyr's Knell           Necr/Summ      8%         N/A       65%         4
 Orb of Destruction       Conj           19%        9d8       77%         7
 Starburst                Conj/Fire      12%        6d5       83%         6
 Conjure Ball Lightning   Conj/Air       11%        3x3d6     86%         6
 Curse of Agony           Necr           8%         N/A       94%         5
 Death Channel            Necr           4%         N/A       100%        6
 Plasma Beam              Fire/Air       4%         2x1d14    100%        6
 Haunt                    Necr/Summ      4%         N/A       100%        7
 Monstrous Menagerie      Summ           4%         N/A       100%        7
 Spellforged Servitor     Conj/Summ      11%        N/A       100%        7
 Summon Hydra             Summ           4%         N/A       100%        7
 Borgnjor's Revivificati  Necr           4%         N/A       100%        8
 Maxwell's Capacitive Co  Air            4%         ∞         100%        8
 Summon Horrible Things   Summ           4%         N/A       100%        8
 Death's Door             Necr           4%         N/A       100%        9
 Fire Storm               Conj/Fire      12%        8d3       100%        9
 Polar Vortex             Ice            4%         N/A       100%        9


Dungeon Overview and Level Annotations

Branches:
Dungeon (15/15)            Temple (1/1) D:4            Lair (5/5) D:8
 Shoals (4/4) Lair:2        Snake (4/4) Lair:3        Slime (0/5) Lair:5
    Orc (2/2) D:10            Elf (3/3) Orc:2        Vaults (5/5) D:13
  Crypt (0/3) Vaults:2     Depths (4/4) D:15            Zot (5/5) Depths:4
Ossuary (visited)          Bailey (visited)           IceCv (visited)
 WizLab (visited)         Gauntlet (visited)

Altars:
Ashenzari
Cheibriados
Dithmenos
Elyvilon
Fedhas
Gozag
Hepliaklqana
Kikubaaqudgha
Makhleb
Nemelex Xobeh
Okawaru
Qazlal
Ru
Sif Muna
Trog
Uskayaw
Vehumet
Wu Jian
Xom
Yredelemnul
Zin
The Shining One
Jiyva

Shops:
D:2 :   D:3 =   D:14 [   Orc:2 ?*(=   Elf:1 ?:=   Snake:2 :=:   Vaults:2 =
Vaults:3 =   Vaults:4 (*:!   Depths:1 *   Depths:3 [*

Portals:
Hell: Depths:1 Depths:2 Depths:3 Depths:4
Abyss: Depths:3
Pandemonium: Depths:2
Ziggurat: Depths:3
Trove: Vaults:3 (give 16 potions of curing)

Annotations:
Depths:1 2 transporters, Agayghopp's ghost, adept DECj


Innate Abilities, Weirdness & Mutations

((You are very nimble when in or above water. (Stealth+, EV+, Speed+++)))
Your lower body shifts to a powerful aquatic tail in water.
Your flesh is cold resistant. (rC+)
You passively map a small area around you.
You have hidden genetic defects.
Your health recovers twice as slowly from being drained.


Message History

There is a stone staircase leading up here.
The reaper completely misses you.
You fly upwards.
There is a stone staircase leading down here.
Use which ability? (? or * to list) [a] - 1036 gold - resistance, might, haste, heal wounds, curing and berserk rage [b] - 260 gold - haste [c] - 400 gold - heal wounds, curing and magic Purchase which effect?
You feel yourself speed up.
Magic restored.
You see here a +0 dagger.
Your extra speed is starting to run out.
A profane servitor comes into view. It is wielding a +1 whip.
You shoot an arrow. The arrow hits the profane servitor!!!
The arrow freezes the profane servitor!
The profane servitor is moderately damaged.
Your line of fire to the profane servitor is blocked by a broken wreckage.
Your line of fire to the profane servitor is blocked by a broken wreckage.
Your line of fire to the profane servitor is blocked by a broken wreckage.
Your line of fire to the profane servitor is blocked by a broken wreckage.
Your line of fire to the profane servitor is blocked by a broken wreckage.
You shoot an arrow. The arrow hits the profane servitor!!
The arrow freezes the profane servitor.
The profane servitor is heavily damaged.
You shoot an arrow. The arrow hits the profane servitor!!
The arrow freezes the profane servitor.
The profane servitor is severely damaged.
You feel yourself slow down.
The profane servitor completely misses you.
The profane servitor hits you but does no damage.
Casting: Apportation (safe; 1% risk of failure)
Confirm with . or Enter, or press ? or * to list all spells.
You erupt in a fountain of uncontrolled magic!
The profane servitor is blasted with magical radiation!!
The profane servitor is almost destroyed.
You are very lightly contaminated with residual magic.
The profane servitor completely misses you. x2
Casting: Irradiate (mildly dangerous; 1% risk of failure)
Confirm with . or Enter, or press ? or * to list all spells.
You erupt in a fountain of uncontrolled magic!
The profane servitor is blasted with magical radiation!!
You destroy the profane servitor!
You now have 12501 gold pieces (gained 7).
You see here a +1 whip.
A Brimstone Fiend comes into view.
The Brimstone Fiend gestures at you.
The sphere of damnation explodes!
The damnation engulfs you!!!
There is a staircase leading out of the dungeon here.
You have escaped!

##################
#≈≈≈≈≈≈≈≈≈≈≈≈≈≈≈≈#
#≈≈≈≈≈≈≈≈~~~≈~~~≈#
#≈≈≈≈≈≈~≈~~~~~~.≈#
#≈≈≈≈≈~≈~~~~~~~~~#
#≈≈≈≈≈~..~.~.....#
#≈≈≈≈~~~.~1.....##
#≈≈≈≈~~~~8......#
#≈≈~.~..@...8...##
#≈≈~~~~..........#
#≈~~.~...........#
#≈≈~.~...........##
#≈~~~.............#
#≈~~~........8....###
#≈~~.......)........#
#≈≈~~......8........#
#≈≈~..###...........#


You could see a Brimstone Fiend.

Vanquished Creatures
  Tiamat (Zot:1)
  6 dread liches
  An ancient lich (Zot:5)
  Mara (Vaults:4)
  Mennas (Depths:3)
  2 orbs of fire (Zot:5)
  A juggernaut (Depths:2)
  Xtahua (Depths:4)
  Sojobo (Depths:4)
  Saint Roka (Elf:3)
  7 Killer Klowns (Zot:5)
  4 caustic shrikes
  A curse toe (Zot:5)
  the Enchantress (Depths:4)
  11 golden dragons
  A profane servitor (D:1)
  A mutant beast (WizLab)
  Zenata (Vaults:3)
  Jorgrun (D:15)
  2 electric golems (Zot:5)
  17 tentacled monstrosities
  2 walking earthen tomes
  28 Orb Guardians
  3 liches
  6 quicksilver dragons
  2 deep elf master archers (Elf:3)
  9 titans
  3 deep elf blademasters
  Polyphemus (Shoals:2)
  4 sphinxes
  A kraken (Shoals:4)
  5 storm dragons
  Frances (Shoals:1)
  7 death cobs
  A thorn hunter (Snake:1)
  7 tengu reavers
  4 azure jellies (Lair:5)
  12 shadow dragons
  The ghost of Ommibeerche the Imperceptible, an adept SpEn of Uskayaw (Elf:2)
  Aizul (Snake:1)
  5 draconian monks
  Donald (Vaults:2)
  3 nagarajas (Snake:4)
  7 deep elf sorcerers
  Roxanne (Snake:1)
  18 frost giants
  6 draconian knights
  10 fire giants
  7 draconian shifters
  6 iron dragons
  5 draconian scorchers
  The ghost of Ybissid the Spry, an adept DjCj of Elyvilon (D:14)
  4 deep elf elementalists (Elf:3)
  An emperor scorpion (D:15)
  5 ghost moths
  Louise (D:14)
  12 vault wardens
  2 cacodemons
  14 ironbound preservers
  12 draconian annihilators
  A reaper (Depths:1)
  4 formless jellyfish
  10 draconian stormcallers
  4 spriggan defenders
  2 orc warlords (Vaults:4)
  12 very ugly things
  6 vampire knights
  8 ironbound thunderhulks
  20 stone giants
  Nessos (Orc:2)
  5 deep elf death magi (Elf:3)
  4 deep elf demonologists (Elf:3)
  The ghost of Wemuwk the Eviscerator, a journeyman FeSh of Wu Jian (D:15)
  A minotaur (Gauntlet)
  5 black draconians
  7 dire elephants
  8 purple draconians
  11 green draconians
  A war gargoyle (Vaults:5)
  12 red draconians
  14 spark wasps
  9 yellow draconians
  Azrael (Orc:2)
  An eidolon (Vaults:2)
  8 white draconians
  Snorg (Orc:1)
  7 deep elf annihilators
  A spectral titan (D:14)
  A quicksilver dragon zombie (Depths:3)
  10 ettins
  Josephine (Lair:5)
  2 crystal guardians (Vaults:1)
  7 merfolk javelineers
  A spectral golden dragon (D:14)
  12 ice dragons
  7 deep elf high priests
  8 merfolk impalers
  2 entropy weavers (shapeshifter)
  13 fire dragons
  An entropy weaver (Vaults:5)
  3 great orbs of eyes
  2 spectral tengu (D:14)
  5 rakshasas
  28 vault guards
  11 hydras
  2 peacekeepers
  4 catoblepae
  15 yaktaur captains
  An alligator (shapeshifter) (WizLab)
  8 anacondas
  A spectral sphinx (D:14)
  5 salamander tyrants
  14 centaur warriors
  3 spriggan air magi
  7 two-headed ogres
  4 boulder beetles
  8 merfolk aquamancers
  3 merfolk avatars
  14 ironbound frosthearts
  An ogre mage (Vaults:5)
  4 alligators (Snake:1)
  25 dancing weapons
  8 tengu warriors
  6 satyrs
  A hell hog (Depths:1)
  4 radroaches (WizLab)
  A spectral fire giant (D:14)
  20 death yaks
  8 deep troll shamans
  8 naga warriors
  2 alligator snapping turtles
  2 hell knights (Depths:2)
  2 soul eaters (Depths:1)
  2 occultists
  9 deep troll earth magi
  7 orc high priests
  6 shock serpents
  5 spriggan berserkers
  13 deep elf knights
  12 naga sharpshooters
  A vampire mage (Depths:4)
  Nergalle (Lair:2)
  9 iron trolls
  8 skeletal warriors
  6 salamander mystics
  4 skysharks
  2 shining eyes (shapeshifter)
  A goliath frog (shapeshifter) (WizLab)
  2 sixfirhies (Gauntlet)
  4 flayed ghosts
  2 orb spiders (shapeshifter) (WizLab)
  4 arcanists
  A deep troll (shapeshifter) (Depths:3)
  A goliath frog (Snake:1)
  11 sea snakes
  47 deep trolls
  5 mana vipers
  5 glowing orange brains
  A glowing orange brain (shapeshifter) (WizLab)
  4 swamp dragons
  4 naga ritualists
  13 ironbound convokers
  A shock serpent (shapeshifter) (Vaults:5)
  2 spark wasp zombies
  A tengu zombie (Depths:3)
  12 orc knights
  A sea snake (shapeshifter) (Vaults:5)
  12 lindwurms
  3 lindwurms (shapeshifter)
  21 deep elf zephyrmancers
  A steelbarb worm (shapeshifter) (Depths:2)
  A lightning spire (Gauntlet)
  16 harpies
  8 necromancers
  11 deep elf archers
  7 phantasmal warriors
  A wolf spider zombie (D:13)
  7 large abominations (WizLab)
  6 orc sorcerers
  59 ugly things
  3 mana vipers (shapeshifter)
  36 deep elf pyromancers
  A cyclops (shapeshifter) (WizLab)
  13 fauns
  A faun (shapeshifter) (Vaults:5)
  6 cyclopes
  16 manticores
  5 elephants
  3 moths of wrath (shapeshifter) (WizLab)
  26 salamanders
  6 merfolk sirens
  An ice statue (IceCv)
  2 spectral spriggans (D:14)
  10 moths of wrath
  3 kobold blastminers
  18 vault sentinels
  A water nymph (shapeshifter) (WizLab)
  A gargoyle (D:12)
  34 black mambas
  2 guardian serpents (shapeshifter) (WizLab)
  3 guardian serpents
  14 cane toads
  17 naga magi
  A torpor snail (shapeshifter) (D:15)
  3 smoke demons
  A torpor snail (Lair:2)
  2 orange demons
  11 water nymphs
  An unseen horror (D:10)
  A cane toad (shapeshifter) (Elf:3)
  A hellion (Depths:2)
  7 rime drakes
  11 komodo dragons
  A redback zombie (D:13)
  26 yaktaurs
  3 freezing wraiths
  3 yaktaurs (shapeshifter) (WizLab)
  4 tengu conjurers (D:14)
  Psyche (D:8)
  A red devil (Depths:4)
  2 trolls (shapeshifter)
  41 merfolk
  2 trolls
  10 polar bears
  A queen bee (shapeshifter) (Elf:3)
  The ghost of grizmgrazm2 the Trooper, an amateur DjFE (D:3)
  9 hornets
  2 raiju (Gauntlet)
  7 snapping turtles
  16 wind drakes
  A polar bear (shapeshifter) (Elf:2)
  A hellwing (Depths:4)
  A blink frog (shapeshifter) (WizLab)
  A tyrant leech (Snake:1)
  Prince Ribbit (Bailey)
  6 glass eyes
  An ettin zombie (Vaults:2)
  3 dream sheep (Shoals:4)
  8 blink frogs
  2 snapping turtles (shapeshifter) (WizLab)
  A jumping spider (shapeshifter) (WizLab)
  9 air elementals
  5 shadows
  An elf skeleton (Vaults:2)
  14 slime creatures
  A vampire (D:13)
  89 yaks
  10 spriggans
  8 wraiths
  A spriggan (shapeshifter) (Vaults:5)
  A basilisk (shapeshifter) (Elf:1)
  12 humans
  4 wyverns
  28 water elementals
  A yak (shapeshifter) (D:14)
  3 basilisks (Lair:5)
  7 wargs
  5 steam dragons
  6 fire elementals
  2 elves (WizLab)
  9 vampire mosquitoes
  2 redbacks (shapeshifter) (WizLab)
  A human simulacrum (Vaults:2)
  An iron golem (WizLab)
  Menkaure (D:4)
  A glowing shapeshifter zombie (D:14)
  4 swamp worms (Snake:1)
  33 nagas
  9 small abominations (WizLab)
  5 hell hounds (Orc:2)
  11 water moccasins
  4 acid dragons
  41 orc warriors
  2 swamp drakes (Snake:1)
  2 ice beasts
  A sky beast (D:6)
  A black bear (D:6)
  5 boggarts (Vaults:3)
  2 ogres
  9 centaurs
  26 wolves
  A kobold brigand (D:9)
  24 bullfrogs
  A gnoll sergeant (D:6)
  3 earth elementals
  A glowing shapeshifter simulacrum (Vaults:2)
  4 scorpions
  9 wights
  10 killer bees
  4 electric eels
  2 howler monkeys
  A bombardier beetle (D:5)
  10 centaur zombies
  3 hounds
  32 orc priests
  2 jellies
  Crazy Yiuf (D:2)
  44 orc wizards
  3 sleepcaps
  12 iguanas
  2 ogre zombies (Ossuary)
  A hound zombie (D:3)
  A boggart simulacrum (D:15)
  A scorpion simulacrum (D:3)
  7 mummies (Ossuary)
  5 gnolls
  2 adders (D:6)
  A shadow imp (D:7)
  A white imp (D:6)
  7 ufetubi
  6 adder zombies (Ossuary)
  3 dart slugs
  2 ribbon worms
  72 orcs
  10 bats
  10 endoplasms
  2 giant cockroaches
  13 goblins
  9 hobgoblins
  5 jackals (D:4)
  10 kobolds
  4 ball pythons
  2 ball python simulacra (D:3)
  2 ball python zombies (D:3)
  A frilled lizard (D:3)
  2 gnoll zombies (Ossuary)
  3 goblin zombies (Ossuary)
  2 hobgoblin zombies (Ossuary)
  3 kobold zombies (Ossuary)
  A quokka simulacrum (D:3)
  5 quokka zombies
  2 rats (D:2)
  5 rat zombies (Ossuary)
  3 tentacles (Shoals:4)
2268 creatures vanquished.

Vanquished Creatures (collateral kills)
  The ghost of Zonian the Slayer, an adept HOFi of Beogh (Vaults:4)
  The ghost of SpeedRobin the Spawn of Chaos, an adept DDFi of Makhleb (Vaults:4)
  A lich (Depths:3)
  A sphinx (Vaults:5)
  A storm dragon (Zot:1)
  A tengu reaver (Vaults:5)
  2 fire giants
  A war gargoyle (Vaults:5)
  An ettin (Vaults:5)
  A tengu warrior (Depths:3)
  A cane toad (Lair:2)
  3 blink frogs (Lair:2)
  3 yaks (Lair:2)
  A water moccasin (Lair:2)
19 creatures vanquished.

Vanquished Creatures (others)
  A deep elf blademaster (Elf:3)
  A faun (Shoals:2)
  An air elemental (Shoals:4)
  An orc warrior (Elf:3)
  6 tentacles (Shoals:4)
10 creatures vanquished.

Grand Total: 2297 creatures vanquished

Notes
Turn   | Place    | Note
-------+----------+-------------------------------------------
     0 | D:1      | Ge0ff the Merfolk Hexslinger began the quest for the Orb.
     0 | D:1      | Reached XP level 1. HP: 15/15 MP: 2/2
    41 | D:1      | Reached skill level 1 in Stealth
    96 | D:1      | Reached XP level 2. HP: 21/21 MP: 3/3
    99 | D:1      | Learned a level 2 spell: Jinxbite
   692 | D:1      | Reached XP level 3. HP: 26/26 MP: 1/4
   985 | D:2      | Found Sennomext's Book Shoppe.
   985 | D:2      | Noticed a walking crystal tome
   985 | D:2      | Noticed a walking frostbound tome
  1345 | D:2      | Found a runed translucent door.
  1346 | D:2      | Noticed Crazy Yiuf
  1771 | D:3      | Found a faded altar of an unknown god.
  1777 | D:3      | Found a sacrificial altar of Ru.
  1800 | D:3      | Noticed grizmgrazm2's ghost (amateur DjFE)
  1847 | D:3      | Reached XP level 4. HP: 33/33 MP: 2/5
  1881 | D:3      | Found a runed translucent gate.
  1881 | D:3      | Found a runed translucent gate.
  1881 | D:3      | Found a runed translucent gate.
  1980 | D:3      | Found a basalt altar of Yredelemnul.
  2220 | D:3      | Found Awnioha Siez's Jewellery Boutique.
  2595 | D:3      | Found a faded altar of an unknown god.
  2619 | D:4      | Noticed Menkaure
  2632 | D:4      | Killed Menkaure
  2633 | D:4      | Reached XP level 5. HP: 7/38 MP: 2/6
  3027 | D:4      | Reached XP level 6. HP: 44/44 MP: 4/7
  3406 | D:4      | Found a staircase to the Ecumenical Temple.
  3411 | Temple   | Found a transporter.
  3411 | Temple   | Found a transporter.
  3411 | Temple   | Found a transporter.
  3411 | Temple   | Found a transporter.
  3411 | Temple   | Entered the Ecumenical Temple
  3441 | Temple   | Became a worshipper of Gozag Ym Sagoz the Greedy
  3662 | D:5      | Entered Level 5 of the Dungeon
  4004 | D:5      | Reached skill level 5 in Ranged Weapons
  4035 | D:5      | Reached XP level 7. HP: 50/50 MP: 5/8
  4440 | D:5      | Found a glowing golden altar of the Shining One.
  4712 | D:5      | Found a burning altar of Makhleb.
  4919 | D:6      | Found a radiant altar of Vehumet.
  5087 | D:6      | Found a stormy altar of Qazlal.
  5420 | D:6      | Reached XP level 8. HP: 56/56 MP: 7/9
  5811 | D:6      | Reached skill level 1 in Evocations
  6557 | D:7      | Noticed a two-headed ogre
  6578 | D:7      | Killed a two-headed ogre
  6579 | D:7      | Reached XP level 9. HP: 47/65 MP: 8/12
  6650 | D:7      | Found a sand-covered staircase.
  6660 | Ossuary  | Entered an ossuary
  6785 | Ossuary  | Reached skill level 5 in Hexes
  7577 | D:7      | Identified a scroll of acquirement
  7578 | D:7      | Acquired 1110 gold pieces
  7686 | D:3      | Bought the ring of Mius {*Slow rPois Will++ EV+5 Slay+2}
                  | for 768 gold pieces
  8869 | D:8      | Reached skill level 5 in Evocations
  9079 | D:8      | Reached XP level 10. HP: 71/71 MP: 8/13
  9304 | D:8      | Noticed Psyche
  9312 | D:8      | Killed Psyche
  9337 | D:8      | Found a staircase to the Lair.
  9402 | D:8      | Found a bloodstained altar of Trog.
 10023 | D:9      | Noticed a red ugly thing
 10033 | D:9      | Killed a red ugly thing
 10034 | D:9      | Reached skill level 5 in Fighting
 10034 | D:9      | Reached skill level 10 in Ranged Weapons
 11240 | D:10     | Entered Level 10 of the Dungeon
 11333 | D:10     | Found a flagged portal.
 11359 | D:10     | Noticed a six-headed hydra
 11375 | D:10     | Killed a six-headed hydra
 11545 | Bailey   | Entered a bailey
 11599 | Bailey   | Reached XP level 11. HP: 65/84 MP: 7/14
 11642 | Bailey   | Noticed Prince Ribbit
 11642 | Bailey   | Noticed a vault guard
 11661 | Bailey   | Killed a vault guard
 11669 | Bailey   | Killed Prince Ribbit
 11900 | Bailey   | Reached skill level 1 in Armour
 12036 | Bailey   | Noticed a vault guard
 12063 | Bailey   | Killed a vault guard
 12976 | D:10     | Reached skill level 5 in Dodging
 13238 | D:10     | Found a staircase to the Orcish Mines.
 13526 | D:2      | Killed Crazy Yiuf
 13706 | D:3      | Killed grizmgrazm2's ghost
 13707 | D:3      | Reached XP level 12. HP: 61/94 MP: 15/15
 13809 | D:3      | Reached skill level 10 in Fighting
 13809 | D:3      | Reached XP level 13. HP: 103/103 MP: 16/16
 15438 | Lair:1   | Entered Level 1 of the Lair of Beasts
 16882 | Lair:2   | Found a staircase to the Shoals.
 17378 | Lair:2   | Reached XP level 14. HP: 83/116 MP: 17/17
 17628 | Lair:2   | Noticed Nergalle
 17637 | Lair:2   | Killed Nergalle
 18423 | Lair:3   | Found a frozen archway.
 18431 | IceCv    | Entered an ice cave
 18502 | IceCv    | Reached skill level 15 in Ranged Weapons
 19585 | IceCv    | Identified the +8 long sword "Wok Jeme" {heavy, Str+2}
 20280 | Lair:3   | Found a staircase to the Snake Pit.
 21085 | Lair:4   | Reached XP level 15. HP: 60/123 MP: 18/18
 21858 | Lair:5   | Entered Level 5 of the Lair of Beasts
 24386 | Lair:5   | Noticed Josephine
 24398 | Lair:5   | Killed Josephine
 24673 | Lair:5   | Identified the +9 quarterstaff of the Pits of Slime {vamp,
                  | rElec rF- SInv Stlth+}
 25040 | Lair:5   | Found a runed translucent door.
 25040 | Lair:5   | Found a viscous altar of Jiyva.
 25040 | Lair:5   | Noticed an azure jelly
 25040 | Lair:5   | Noticed an azure jelly
 25041 | Lair:5   | Found a staircase to the Slime Pits.
 25041 | Lair:5   | Noticed an azure jelly
 25041 | Lair:5   | Noticed an azure jelly
 25909 | Orc:1    | Entered Level 1 of the Orcish Mines
 26020 | Orc:1    | Noticed Snorg
 26026 | Orc:1    | Killed Snorg
 26593 | Orc:2    | Entered Level 2 of the Orcish Mines
 26630 | Orc:2    | Found a staircase to the Elven Halls.
 26666 | Orc:2    | Noticed Azrael
 26669 | Orc:2    | Killed Azrael
 26723 | Orc:2    | Noticed Nessos
 26732 | Orc:2    | Killed Nessos
 26733 | Orc:2    | Reached XP level 16. HP: 74/126 MP: 12/19
 26735 | Orc:2    | Found a gate leading to a gauntlet.
 26771 | Gauntlet | Entered a Gauntlet
 26771 | Gauntlet | Found a transporter.
 26771 | Gauntlet | Found a transporter.
 26859 | Gauntlet | Found a transporter.
 26860 | Gauntlet | Found a transporter.
 26861 | Gauntlet | Found a transporter.
 26861 | Gauntlet | Found a large runed translucent door.
 26862 | Gauntlet | Found a large runed translucent door.
 26863 | Gauntlet | Found a large runed translucent door.
 26863 | Gauntlet | Found a large runed translucent door.
 26863 | Gauntlet | Found a transporter.
 26863 | Gauntlet | Found a runed translucent door.
 26864 | Gauntlet | Found a large runed translucent door.
 26865 | Gauntlet | Found a large runed translucent door.
 26866 | Gauntlet | Found a large runed translucent door.
 26866 | Gauntlet | Found a large runed translucent door.
 26867 | Gauntlet | Found a runed translucent gate.
 26867 | Gauntlet | Found a runed translucent gate.
 26869 | Gauntlet | Found a transporter.
 26871 | Gauntlet | Found a transporter.
 26872 | Gauntlet | Found a transporter.
 26874 | Gauntlet | Found a transporter.
 26882 | Gauntlet | Found a transporter.
 26883 | Gauntlet | Found a transporter.
 26911 | Gauntlet | Found a runed translucent gate.
 26912 | Gauntlet | Found a large runed translucent door.
 26912 | Gauntlet | Found a large runed translucent door.
 26913 | Gauntlet | Found a large runed translucent door.
 26914 | Gauntlet | Found a large runed translucent door.
 26915 | Gauntlet | Found a large runed translucent door.
 26915 | Gauntlet | Found a large runed translucent door.
 26915 | Gauntlet | Found a runed translucent door.
 26916 | Gauntlet | Found a large runed translucent door.
 26917 | Gauntlet | Found a large runed translucent door.
 27239 | Gauntlet | Identified the ring "Rurrimmeo" {Str+6 Int+5}
 27558 | Gauntlet | Identified the +2 pair of gloves of the Akabeko {+Inv}
 27631 | Gauntlet | Identified the +5 shortbow "Ciobanga" {drain, +Blink Fly
                  | rElec Int-4}
 28220 | Orc:2    | Found Coheolol's Antique Weapon Shop.
 28220 | Orc:2    | Found Irej's Jewellery Shop.
 28221 | Orc:2    | Found Henaulae's General Store.
 28228 | Orc:2    | Found Yvim's Magic Scroll Boutique.
 28233 | Orc:2    | Bought a scroll of identify for 28 gold pieces
 28233 | Orc:2    | Bought a scroll of revelation for 105 gold pieces
 28236 | Orc:2    | Bought a scroll of immolation for 56 gold pieces
 28565 | Orc:2    | Bought a twisted orcbow for 255 gold pieces
 28565 | Orc:2    | Identified the +2 orcbow of the Poles {antimagic, +Blink
                  | Int+7} (You bought it in a shop on level 2 of the Orcish
                  | Mines)
 29617 | D:13     | Found Waeblub's Overcharged Wands.
 30127 | D:13     | Found a gate to the Vaults.
 31129 | D:14     | Noticed Louise
 31138 | D:14     | Killed Louise
 31151 | D:14     | Found a runed translucent gate.
 31151 | D:14     | Found a runed translucent gate.
 31151 | D:14     | Found a runed translucent gate.
 31151 | D:14     | Noticed Ybissid's ghost (adept DjCj)
 31328 | D:14     | Found Vufeptir's Antique Armour Emporium.
 31543 | D:14     | Bought a shiny helmet for 232 gold pieces
 31952 | D:14     | Found a broken altar of Ashenzari.
 32439 | D:14     | Identified the +4 war axe "Faczoih" {heavy, Dex+4}
 32622 | D:14     | Learned a level 1 spell: Apportation
 32625 | D:14     | Learned a level 2 spell: Blink
 32815 | Snake:1  | Entered Level 1 of the Snake Pit
 32942 | Snake:1  | Noticed Roxanne
 33225 | Snake:1  | Reached skill level 1 in Translocations
 33229 | Snake:1  | Reached XP level 17. HP: 140/140 MP: 20/20
 33325 | Snake:1  | Noticed a tentacled monstrosity
 33338 | Snake:1  | Killed a tentacled monstrosity
 33380 | Snake:1  | Noticed a tentacled monstrosity
 33660 | Snake:1  | Upgraded the game from 0.32-a0-32-g978bd804de to
                  | 0.32-a0-33-g74fbe469d6
 33860 | Snake:1  | Killed a tentacled monstrosity
 33861 | Snake:1  | Reached skill level 15 in Fighting
 34115 | Snake:1  | Identified the +4 battleaxe of Wu Jian's Condemnation
                  | {drain, Dex+2}
 34933 | Snake:1  | Killed Roxanne
 35092 | Snake:1  | Identified the serpent talisman of Nalic {Will+ Dex+2}
 35092 | Snake:1  | Noticed Aizul
 35107 | Snake:1  | Killed Aizul
 35207 | Snake:1  | Found a shadowy altar of Dithmenos.
 35371 | Snake:2  | Found Inuphor's Jewellery Boutique.
 35372 | Snake:2  | Found Tytaqo's Book Shoppe.
 35372 | Snake:2  | Found Bihuih's Book Shoppe.
 36346 | Snake:3  | Reached skill level 5 in Translocations
 36573 | Snake:3  | Found a glowing silver altar of Zin.
 36721 | Snake:3  | Reached XP level 18. HP: 153/153 MP: 24/24
 37180 | Snake:4  | Entered Level 4 of the Snake Pit
 37640 | Snake:4  | Found an ancient bone altar of Kikubaaqudgha.
 38153 | Snake:4  | Noticed a quicksilver dragon
 38161 | Snake:4  | Killed a quicksilver dragon
 38438 | Snake:4  | Got a serpentine rune of Zot
 39029 | Shoals:1 | Entered Level 1 of the Shoals
 39029 | Shoals:1 | Noticed Frances
 39036 | Shoals:1 | Killed Frances
 40459 | D:13     | Bought a wand of iceblast (18) for 648 gold pieces
 41038 | Shoals:2 | Noticed Polyphemus
 41042 | Shoals:2 | Killed Polyphemus
 41946 | Shoals:3 | Reached XP level 19. HP: 169/169 MP: 25/25
 43340 | Shoals:4 | Entered Level 4 of the Shoals
 43584 | Shoals:4 | Paralysed by an air elemental for 1 turns
 43795 | Shoals:4 | Paralysed by an air elemental for 1 turns
 43849 | Shoals:4 | Learned a level 3 spell: Passwall
 43855 | Shoals:4 | Learned a level 5 spell: Irradiate
 43973 | Shoals:4 | Reached skill level 1 in Alchemy
 44012 | Shoals:4 | Paralysed by an air elemental for 1 turns
 44020 | Shoals:4 | Paralysed by an air elemental for 1 turns
 44071 | Shoals:4 | Reached skill level 1 in Earth Magic
 44211 | Shoals:4 | Reached skill level 1 in Conjurations
 44212 | Shoals:4 | Identified the ring of Budusub {^Contam rN+ MP+9 Str-2
                  | Stlth+}
 44551 | Shoals:4 | Got a barnacled rune of Zot
 44563 | Shoals:4 | Got Iggakito's Writings on the Synthesized Mesa
 45567 | Lair:5   | Found a viscous altar of Jiyva.
 45568 | Lair:5   | Found a staircase to the Slime Pits.
 46164 | D:14     | Killed Ybissid's ghost
 46192 | D:14     | Reached skill level 5 in Spellcasting
 46373 | D:14     | Identified the +1 war axe "Gymil" {chaos, ^Fragile rElec
                  | rCorr}
 46413 | D:15     | Entered Level 15 of the Dungeon
 46425 | D:15     | Reached XP level 20. HP: 168/174 MP: 27/27
 46624 | D:15     | Found a runed translucent gate.
 46624 | D:15     | Found a runed translucent gate.
 46624 | D:15     | Found a runed translucent gate.
 46625 | D:15     | Noticed Wemuwk's ghost (journeyman FeSh)
 46633 | D:15     | Noticed Jorgrun
 46640 | D:15     | Killed Jorgrun
 46889 | D:15     | Found a staircase to the Depths.
 47029 | D:15     | Identified the +1 leather armour of Indomitability {rElec
                  | rN+ Will- Str+6}
 47074 | D:15     | Killed Wemuwk's ghost
 47089 | D:15     | Reached skill level 5 in Alchemy
 47398 | Elf:1    | Entered Level 1 of the Elven Halls
 47578 | Elf:1    | Paralysed by an air elemental for 1 turns
 47700 | Elf:1    | Found Qaenwar's Magic Scroll Emporium.
 47715 | Elf:1    | Bought a scroll of summoning for 152 gold pieces
 47851 | Elf:1    | Found Ruckano's Book Emporium.
 47970 | Elf:1    | Reached skill level 1 in Throwing
 48291 | Elf:1    | Found Veatwudy's Jewellery Shoppe.
 48753 | Elf:2    | Reached skill level 5 in Armour
 48758 | Elf:2    | Paralysed by an air elemental for 1 turns
 49119 | Elf:2    | Got the Directory of Combed Thunderclap
 49135 | Elf:2    | Got the Anthology of Dhcmrlchtdj
 49142 | Elf:2    | Got the Octavo of Axaxaxas mlö
 49252 | Elf:2    | Found a runed translucent door.
 49256 | Elf:2    | Noticed Ommibeerche's ghost (adept SpEn)
 49280 | Elf:2    | Killed Ommibeerche's ghost
 49337 | Elf:2    | Identified the +11 mace of the Mashing Gods {speed, rElec}
 49349 | Elf:2    | Found a huge runed translucent gate.
 49349 | Elf:2    | Found a huge runed translucent gate.
 49349 | Elf:2    | Found a huge runed translucent gate.
 49349 | Elf:2    | Found a huge runed translucent gate.
 49349 | Elf:2    | Found a huge runed translucent gate.
 49940 | Elf:2    | Reached skill level 10 in Dodging
 50429 | Elf:3    | Entered Level 3 of the Elven Halls
 50736 | Elf:3    | Reached XP level 21. HP: 184/184 MP: 30/30
 51284 | Elf:3    | Reached skill level 10 in Evocations
 51288 | Elf:3    | Noticed Saint Roka
 51300 | Elf:3    | Killed Saint Roka
 51750 | Elf:3    | Identified the ring of Hukhiwna {Int+3 Dex+2 SInv}
 51804 | Elf:3    | Identified the +3 great mace "Thing" {holy, SInv}
 51821 | Elf:3    | Identified the +9 glaive of the Many Scars {venom, rElec
                  | rF+ Str+2 Dex+3}
 52176 | Elf:3    | Reached skill level 5 in Conjurations
 52359 | Elf:3    | Got the Catalogue of Transmogrification and Wounds
 52362 | Elf:3    | Got the Cyclopedia of Cloudy Distance
 52364 | Elf:3    | Identified the +3 rapier of Paocle {freeze, rPois rF+ Str-2
                  | SInv}
 52377 | Elf:3    | Got the Volume of Interference and Ashes
 52383 | Elf:3    | Identified the +3 sling of Kith {heavy, rF++}
 52594 | Orc:2    | Bought the amulet of Mutualism {Spirit Int+2} for 494 gold
                  | pieces
 52789 | Vaults:1 | Entered Level 1 of the Vaults
 52938 | Vaults:1 | Reached skill level 5 in Earth Magic
 54834 | Vaults:2 | Reached skill level 10 in Alchemy
 54840 | Vaults:2 | Reached skill level 5 in Throwing
 54976 | Vaults:2 | Reached XP level 22. HP: 192/192 MP: 33/33
 55367 | Vaults:2 | Found Tamnarch's Jewellery Shop.
 55560 | Vaults:2 | Noticed Donald
 55570 | Vaults:2 | Killed Donald
 55638 | Vaults:2 | Found a staircase to the Crypt.
 56093 | Vaults:3 | Found Jyloikhli's Distillery.
 56098 | Vaults:3 | Bought a potion of ambrosia for 96 gold pieces
 56098 | Vaults:3 | Bought a potion of cancellation for 96 gold pieces
 56098 | Vaults:3 | Bought a potion of curing for 36 gold pieces
 56098 | Vaults:3 | Bought a potion of enlightenment for 60 gold pieces
 56098 | Vaults:3 | Bought a potion of haste for 120 gold pieces
 56098 | Vaults:3 | Bought a potion of curing for 36 gold pieces
 56098 | Vaults:3 | Bought a potion of curing for 36 gold pieces
 56098 | Vaults:3 | Bought a potion of haste for 120 gold pieces
 56115 | Vaults:3 | Noticed Zenata
 56134 | Vaults:3 | Killed Zenata
 56582 | Vaults:3 | Found Kaxtum's Jewellery Boutique.
 56958 | Vaults:3 | Found a portal to a secret trove of treasure.
 56959 | Vaults:3 | Reached XP level 23. HP: 198/198 MP: 34/34
 57717 | Vaults:4 | Found Pibemoc's Antique Weapon Shop.
 57834 | Vaults:4 | Found Ymyo's Assorted Antiques.
 57845 | Vaults:4 | Bought a potion of mutation for 176 gold pieces
 57845 | Vaults:4 | Bought a potion of enlightenment for 110 gold pieces
 57845 | Vaults:4 | Bought a scroll of teleportation for 66 gold pieces
 57920 | Vaults:4 | Noticed Mara
 58069 | Vaults:4 | Noticed Ge0ff's illusion
 58077 | Vaults:4 | Killed Mara
 58658 | Vaults:4 | Found Laquasob's Book Emporium.
 58674 | Vaults:4 | Noticed SpeedRobin's ghost (adept DDFi)
 58675 | Vaults:4 | Noticed Zonian's ghost (adept HOFi)
 58677 | Vaults:4 | Bought a manual of Evocations for 960 gold pieces
 58677 | Vaults:4 | Found a large runed translucent door.
 58677 | Vaults:4 | Found a large runed translucent door.
 59073 | Vaults:4 | Found Jyptiump's Distillery.
 59080 | Vaults:4 | Bought a potion of mutation for 96 gold pieces
 59080 | Vaults:4 | Bought a potion of heal wounds for 60 gold pieces
 59080 | Vaults:4 | Bought a potion of ambrosia for 96 gold pieces
 59080 | Vaults:4 | Bought a potion of curing for 36 gold pieces
 59080 | Vaults:4 | Bought a potion of curing for 36 gold pieces
 59080 | Vaults:4 | Bought a potion of curing for 36 gold pieces
 59080 | Vaults:4 | Bought a potion of heal wounds for 60 gold pieces
 59198 | Vaults:4 | Killed Zonian's ghost
 59201 | Vaults:4 | Killed SpeedRobin's ghost
 59315 | Vaults:5 | Entered Level 5 of the Vaults
 59375 | Vaults:5 | Reached XP level 24. HP: 132/205 MP: 21/35
 59757 | Vaults:5 | Identified the amulet "Lidut" {Reflect -Cast rC++ Dex+5
                  | SH+5}
 60675 | Vaults:5 | Noticed a dread lich
 60697 | Vaults:5 | Killed a dread lich
 60946 | Vaults:5 | Identified the +3 robe of Disguise {rPois Stlth+}
 61041 | Vaults:5 | Reached skill level 15 in Dodging
 61124 | Vaults:5 | Identified the ring "Oliluib" {Fire rPois Str+3}
 61204 | Vaults:5 | Noticed a dread lich
 61209 | Vaults:5 | Noticed a dread lich
 61220 | Vaults:5 | Killed a dread lich
 61234 | Vaults:5 | Killed a dread lich
 61392 | Vaults:5 | Identified the +5 flail of the Elven Halls {venom, Will+}
 61995 | Vaults:5 | Reached skill level 10 in Conjurations
 62021 | Vaults:5 | Identified the +5 falchion of Keawat {drain, rC+ Will++
                  | rCorr Str-2}
 62266 | Vaults:5 | Got the Grimoire of Calling
 62314 | Vaults:5 | Got a silver rune of Zot
 62361 | Vaults:5 | Got the Directory of Terrain and the Gift
 62569 | Vaults:5 | Identified the +3 short sword of Fear {flame, Str+3 Int+2
                  | Dex-4}
 62702 | Vaults:5 | Identified the +1 robe of Tenacity {-Tele rF+ Str+3}
 62734 | Vaults:5 | Identified the +4 scimitar of Ashenzari's Outrage {heavy,
                  | rC- Int+4 Dex+4}
 63270 | Orc:2    | Bought a scroll of teleportation for 42 gold pieces
 63270 | Orc:2    | Bought a scroll of blinking for 105 gold pieces
 63271 | Orc:2    | Bought a scroll of poison for 56 gold pieces
 63271 | Orc:2    | Bought a scroll of fog for 56 gold pieces
 63487 | D:13     | Bought a wand of digging (11) for 693 gold pieces
 63487 | D:13     | Bought a wand of light (18) for 1134 gold pieces
 63487 | D:13     | Bought a wand of digging (11) for 693 gold pieces
 63487 | D:13     | Bought a wand of digging (11) for 693 gold pieces
 63487 | D:13     | Bought a wand of light (18) for 1134 gold pieces
 63552 | Depths:1 | Entered Level 1 of the Depths
 63592 | Depths:1 | Found a transporter.
 63597 | Depths:1 | Noticed Agayghopp's ghost (adept DECj)
 63605 | Depths:1 | Noticed a caustic shrike
 63623 | Depths:1 | Found Bimipaj's General Store.
 63627 | Depths:1 | Bought a potion of haste for 140 gold pieces
 63727 | Depths:1 | Reached XP level 25. HP: 178/212 MP: 36/36
 63952 | Depths:1 | Reached skill level 10 in Spellcasting
 64336 | Depths:1 | Found a transporter.
 64601 | Depths:1 | Found a gateway to Hell.
 64684 | Depths:1 | Found a white marble altar of Elyvilon.
 64977 | Depths:1 | Found the +3 salamander hide armour {Flames, rFlCloud rF++
                  | rC--}
 65022 | Depths:1 | Reached skill level 15 in Evocations
 65136 | Depths:1 | You are sucked into a shaft and drop 1 floor!
 65184 | Depths:2 | Found a magical portal.
 65224 | WizLab   | Entered Cigotuvi's Fleshworks
 65450 | WizLab   | Reached skill level 5 in Stealth
 66062 | WizLab   | Identified the amulet of Toywew {Faith Dex+5}
 66166 | WizLab   | Identified the serpent talisman "Fitur" {rN+ Int-5 Dex+5
                  | Stlth+}
 67443 | Depths:2 | Reached skill level 15 in Alchemy
 67864 | Depths:2 | Noticed a juggernaut
 67885 | Depths:2 | Killed a juggernaut
 68049 | Depths:2 | Reached XP level 26. HP: 192/219 MP: 37/37
 68194 | Depths:2 | Gained mutation: Your magical capacity is low. (-10% MP) [a
                  | cacodemon]
 68311 | Depths:2 | Found a one-way gate leading to the halls of Pandemonium.
 68495 | Depths:2 | Identified the +6 scale mail of Baldness {+Inv rF+ Str+2}
 69013 | Depths:3 | Found Zoefacam's General Store.
 69013 | Depths:3 | Found Pymuga's Armour Emporium.
 69021 | Depths:3 | Bought a potion of heal wounds for 100 gold pieces
 69139 | Depths:3 | Found a one-way gateway to a ziggurat.
 69194 | Depths:3 | Reached skill level 10 in Armour
 69463 | Depths:3 | Noticed Mennas
 69489 | Depths:3 | Killed Mennas
 69504 | Depths:3 | Gained mutation: Potions are less effective at restoring
                  | your health. [mutagenic glow]
 69526 | Depths:3 | Lost mutation: Your magical capacity is low. (-10% MP)
                  | [potion of mutation]
 69526 | Depths:3 | Lost mutation: Potions are less effective at restoring your
                  | health. [potion of mutation]
 69526 | Depths:3 | Gained mutation: You have hidden genetic defects. [potion
                  | of mutation]
 69527 | Depths:3 | Lost mutation: You have hidden genetic defects. [potion of
                  | mutation]
 69527 | Depths:3 | Gained mutation: You have an increased reservoir of magic.
                  | (+10% MP) [potion of mutation]
 69527 | Depths:3 | Gained mutation: You are clumsy. (Dex -2) [potion of
                  | mutation]
 69527 | Depths:3 | Gained mutation: You are frail. (-10% HP) [potion of
                  | mutation]
 69528 | Depths:3 | Lost mutation: You are clumsy. (Dex -2) [potion of
                  | mutation]
 69528 | Depths:3 | Lost mutation: You have an increased reservoir of magic.
                  | (+10% MP) [potion of mutation]
 69528 | Depths:3 | Gained mutation: Your magical capacity is low. (-10% MP)
                  | [potion of mutation]
 69528 | Depths:3 | Gained mutation: You occasionally lose the ability to drink
                  | potions when taking damage. [potion of mutation]
 69528 | Depths:3 | Gained mutation: Your flesh is heat resistant. (rF+)
                  | [potion of mutation]
 69528 | Depths:3 | Gained mutation: You are partially covered in iridescent
                  | scales. (AC +2) [potion of mutation]
 69529 | Depths:3 | Lost mutation: You occasionally lose the ability to drink
                  | potions when taking damage. [potion of mutation]
 69529 | Depths:3 | Lost mutation: You are partially covered in iridescent
                  | scales. (AC +2) [potion of mutation]
 69529 | Depths:3 | Lost mutation: Your magical capacity is low. (-10% MP)
                  | [potion of mutation]
 69529 | Depths:3 | Gained mutation: Your flesh is very heat resistant. (rF++)
                  | [potion of mutation]
 69529 | Depths:3 | Gained mutation: You are partially covered in large bone
                  | plates. (SH +4) [potion of mutation]
 69530 | Depths:3 | Lost mutation: You are frail. (-10% HP) [potion of
                  | mutation]
 69530 | Depths:3 | Lost mutation: Your flesh is very heat resistant. (rF++)
                  | [potion of mutation]
 69530 | Depths:3 | Gained mutation: Armour fits poorly on your strangely
                  | shaped body. [potion of mutation]
 69530 | Depths:3 | Gained mutation: Your flesh is cold resistant. (rC+)
                  | [potion of mutation]
 69530 | Depths:3 | Lost mutation: Armour fits poorly on your strangely shaped
                  | body. [potion of mutation]
 69530 | Depths:3 | Gained mutation: You have a pair of small antennae on your
                  | head. [potion of mutation]
 69531 | Depths:3 | Lost mutation: You have a pair of small antennae on your
                  | head. [potion of mutation]
 69531 | Depths:3 | Lost mutation: You are partially covered in large bone
                  | plates. (SH +4) [potion of mutation]
 69531 | Depths:3 | Lost mutation: Your flesh is heat resistant. (rF+) [potion
                  | of mutation]
 69531 | Depths:3 | Gained mutation: Your health recovers twice as slowly from
                  | being drained. [potion of mutation]
 69531 | Depths:3 | Gained mutation: You passively map a small area around you.
                  | [potion of mutation]
 70374 | Depths:3 | Reached skill level 10 in Stealth
 71335 | Depths:3 | Found a one-way gate to the infinite horrors of the Abyss.
 71423 | Depths:4 | Entered Level 4 of the Depths
 71423 | Depths:4 | Noticed Xtahua
 71423 | Depths:4 | Noticed the Enchantress
 71443 | Depths:4 | Killed the Enchantress
 71444 | Depths:4 | Killed Xtahua
 72415 | Depths:4 | Found a gate to the Realm of Zot.
 72444 | Depths:4 | Noticed Sojobo
 72990 | Depths:3 | Reached XP level 27. HP: 212/212 MP: 37/37
 73628 | Depths:4 | Killed Sojobo
 74035 | Depths:4 | Found a gate to the Realm of Zot.
 74446 | Zot:1    | Entered Level 1 of the Realm of Zot
 74920 | Zot:1    | Found the +4 dragonskin cloak
 74920 | Zot:1    | Noticed Tiamat
 75012 | Zot:1    | Killed Tiamat
 77911 | Zot:5    | Entered Level 5 of the Realm of Zot
 78090 | Zot:5    | Reached skill level 10 in Translocations
 78106 | Zot:5    | Noticed an orb of fire
 78112 | Zot:5    | Reached skill level 15 in Stealth
 78125 | Zot:5    | Killed an orb of fire
 78806 | Zot:5    | Noticed a dread lich
 78823 | Zot:5    | Killed a dread lich
 79357 | Zot:5    | Noticed a dread lich
 79405 | Zot:5    | Noticed an orb of fire
 79412 | Zot:5    | Noticed a dread lich
 79419 | Zot:5    | Killed a dread lich
 79432 | Zot:5    | Killed an orb of fire
 79434 | Zot:5    | Noticed an ancient lich
 79435 | Zot:5    | Killed a dread lich
 79447 | Zot:5    | Killed an ancient lich
 80304 | Zot:5    | Got the Orb of Zot
 80317 | Zot:5    | Noticed Lyutie the pandemonium lord
 80398 | Zot:2    | Gained mutation: You have hidden genetic defects. [a
                  | cacodemon]
 80809 | D:$      | Escaped with the Orb!

Illustrated notes

Levels and vault maps discovered:
D:1:      nicolae_arrival_washed_ashore, layout_rooms, grunt_decor_one_mirror,
          nrook_mini_vaults, amcnicky_mini_corridor_feature
D:2:      layout_rooms, serial_shops, nicolae_shop_mannequins,
          chequers_serial_rivers_small_3, uniq_crazy_yiuf_cottage
D:3:      layout_basic, nicolae_overflow_ecumenical_swirl,
          nicolae_yredelemnul_corpse_copse, serial_shops, shop,
          dilly_ecumenical_altar_fadedgnrine, gammafunk_ghost_icy, minivault_25
D:4:      layout_basic, minmay_temple_entry_butterflies, grunt_ministairs_6,
          uniq_menkaure
D:5:      layout_gridville, mainiacjoe_overflow_alcove_2, kennysheep_little_box,
          minmay_misc_feat_square, serial_bayou_lagoon_a,
          serial_library_regret_index_branch_corner, fountainhead
D:6:      layout_loops_ring, mainiacjoe_overflow_paths,
          nicolae_qazlal_beasts_of_the_sky
D:7:      layout_gridville, enter_ossuary_1
D:8:      layout_gridville, mainiacjoe_overflow_boulevard, lair_entry_dummy,
          roderic_lattice_a, uniq_psyche
D:9:      layout_cave_pools
D:10:     layout_loops_ring, david_orc_4, enter_bailey_3,
          minmay_misc_feat_ornament
D:11:     layout_basic
D:12:     layout_irregular_city
D:13:     layout_layer_cave, erik_vaults_1, serial_undead, serial_undead_e,
          serial_undead_a, serial_undead_b, serial_undead_c, serial_undead_d,
          serial_undead_a, nicolae_shop_overcharged_wands
D:14:     layout_cave_pods, serial_shops, shop, serial_park, serial_park_square3
          [serial_park_minivault_5x5_7], serial_park_tiny_2,
          serial_park_fountain, serial_park_tiny_1, fountainhead,
          gammafunk_ghost_necromancy, nicolae_ashenzari_skybound, uniq_louise
D:15:     hangedman_depths_entry_try_elsewhere_first, layout_rooms,
          biasface_ghost_orc_armoury, uniq_jorgrun
Temple:   hellmonk_temple_divided_pantheon
Lair:1:   layout_hall_layers, chequers_serial_rivers_large_b,
          hibernation_bobbens, serial_bayou_shore_a
Lair:2:   layout_chaotic_city, minmay_shoals_entry_beasts,
          gammafunk_lair_bear_cave, uniq_nergalle
Lair:3:   layout_concentric_octagons, minmay_snake_entry_guardpost_small,
          portal_ice_cave_entry_pillars_2
Lair:4:   layout_cave_pods, serial_rivers, chequers_serial_rivers_large_a,
          chequers_serial_rivers_micro_d, chequers_serial_rivers_micro_c,
          chequers_serial_rivers_micro_e, chequers_serial_rivers_small_b,
          beast_lair_carwin_4
Lair:5:   guppyfry_lair_end_dragon, layout_cave_shapes,
          hangedman_lair_in_review, slime_entry_2, serial_bayou_pond_b,
          uniq_josephine
Shoals:1: layout_shoals, uniq_frances
Shoals:2: layout_shoals, uniq_polyphemus
Shoals:3: layout_shoals
Shoals:4: shoals_end_hellmonk_storm_palace [storm_palace_center_ruins,
          storm_palace_corner_narrow, storm_palace_corner_grid,
          storm_palace_corner_reverse_hut, storm_palace_corner_blocked],
          serial_shops
Snake:1:  onia_ninara_swampy_vault, layout_concentric_octagons, basic_altar,
          nicolae_snake_salamander_stairs, uniq_aizul, uniq_roxanne
Snake:2:  layout_misc_corridors, minmay_shop_grove
Snake:3:  layout_onion_interference, basic_altar,
          nicolae_snake_salamander_jacuzzi
Snake:4:  hellmonk_snake_rune_quicksilver_temple, layout_layer_cave, basic_altar
Orc:1:    layout_diamond_mine, uniq_snorg
Orc:2:    st_orc_mages, layout_caves, gauntlet_entry_generic, uniq_azrael,
          uniq_nessos
Elf:1:    eino_elf_arrival_shootout, layout_onion_city, serial_shops,
          nicolae_shop_hallway_plus, nicolae_book_shop_shelving,
          nicolae_shop_getting_attention, nicolae_elf_crossing_hall
Elf:2:    elven_hall_of_blades_hangedman_alternative
          [mumra_blade_entry_bloodbath], layout_rooms,
          ebering_ghost_reflecting_pool, serial_glass, glass_columns_a,
          glass_columns_a, bh_hangedman_babel_library
Elf:3:    minmay_elf_hall_statues, layout_gridlike, lemuel_flamethrower_1,
          uniq_saint_roka
Vaults:1: nicolae_vaults_storage_closets_3, v_rooms_3, vaults_dpeg_encased_lava,
          nicolae_vaults_shelves_hall, nicolae_vaults_variable_pillar_hall,
          nicolae_vaults_what_the_h, nicolae_vaults_octothorpe,
          ontoclasm_vaults_tryst, layout_vaults_big_room
Vaults:2: nicolae_vaults_murderbox, v_misc_22, nicolae_vaults_swerve,
          nicolae_vaults_asterisk, nicolae_vaults_asterisk, v_misc_33,
          nicolae_vaults_circle_grid_a, vaults_room_grid,
          nicolae_vaults_alarming, minmay_crypt_entry_simple_round,
          layout_vaults_ring, serial_shops, nicolae_shop_tiny_statue_garden,
          uniq_donald
Vaults:3: ontoclasm_vaults_idyll, nicolae_vaults_closet_pinwheel_6,
          hangedman_vaults_cutoff, nicolae_vaults_tetromino_T_1,
          hangedman_vaults_slice, hangedman_vaults_slice,
          nicolae_vaults_house_2, layout_vaults_omnigrid, serial_shops, shop,
          nicolae_shop_hallway_plus, nicolae_trove_entry_diagonal, uniq_zenata
Vaults:4: advil_vaults_ghost_guards, nicolae_vaults_door_testing_chamber,
          dpeg_vaults_monster_row, nicolae_vaults_tetromino_T_1,
          nicolae_vaults_variable_pillar_hall, nicolae_vaults_meiosis,
          vaults_room_door_ring, nicolae_vaults_mini_display_case,
          nicolae_vaults_tetromino_Z_1, nicolae_vaults_heart-shaped_vault,
          hangedman_vaults_nails, special_room_vaults [special_room_orc],
          nicolae_vaults_circle_grid_a, nicolae_vaults_trapezoid_2,
          ontoclasm_vaults_pinch, layout_vaults_maze_bifur, serial_shops, shop,
          nicolae_shop_tiny_real_fake_doors, shop, shop, uniq_mara
Vaults:5: serial_shops
Depths:1: layout_gridlike, nzn_ghost_randoct, serial_shops, shop, hellmouth_1,
          lemuel_coloured_pillars_altar, hellmonk_guarded_unrand_salamander
Depths:2: grunt_arcs, layout_cave_pools, mu_enter_wizlab_2,
          pf_vacation_house_of_asmodeus, rand_demon_pan_entry_5
Depths:3: minmay_nested_s, layout_gridlike, enter_ziggurat_a,
          abyss_entry_small_statue_room, grunt_hell_entry_dis_mu,
          kennysheep_flooded_box, minmay_shoptagon, infiniplex_staircase_spiral,
          uniq_mennas
Depths:4: grunt_x_marks_the_spot, layout_cross, serial_column_ruins,
          column_ruins_hut, column_ruins_open_small, column_ruins_open_tiny,
          column_ruins_columns_straight, column_ruins_corridor_straight,
          column_ruins_grid_1, column_ruins_corridor_straight, hell_entry,
          uniq_xtahua, uniq_sojobo, uniq_enchantress
Zot:1:    layout_misc_corridors, grunt_ministairs_11, drop_trap, uniq_tiamat
Zot:2:    layout_concentric_octagons, grunt_ministairs_2, st_stairs_8,
          regret_index_zotdec_barnacled_alternative
Zot:3:    layout_basic, hellmonk_ghost_happy_afterlife
Zot:4:    layout_cathedral_of_symmetry, regret_index_zotdec_misc_clamp,
          nicolae_lava_and_water
Zot:5:    layout_cellular_growth, drop_trap

Skill      XL: |  1  2  3  4  5  6  7  8  9 10 11 12 13 14 15 16 17 18 19 20 21 22 23 24 25 26 27 |
---------------+----------------------------------------------------------------------------------+-----
Stealth        | 1 2 8 12 16 | 16.6
Ranged Weapons | 2 3 5 6 8 9 10 12 13 14 17 19 20 | 20.9
Fighting       | 2 4 7 8 10 12 13 14 16 20 | 20.5
Hexes          | 4 5 7 |  7.0
Dodging        | 3 5 6 8 10 11 13 14 15 17 19 20 | 20.5
Evocations     | 3 5 7 9 11 12 14 16 19 20 | 20.5
Spellcasting   | 2 4 5 6 7 8 9 10 11 | 11.0
Armour         | 2 4 5 6 7 8 9 10 12 | 12.0
Translocations | 1 5 6 7 12 | 12.6
Alchemy        | 4 8 10 11 13 15 | 15.0
Earth Magic    | 2 4 5 6 7 |  7.0
Conjurations   | 2 4 6 7 8 10 | 10.0
Throwing       | 2 5 6 |  6.0
Fire Magic     | |  0.6

Action                     |  1- 3 |  4- 6 |  7- 9 | 10-12 | 13-15 | 16-18 | 19-21 | 22-24 | 25-27 || total
---------------------------+-------+-------+-------+-------+-------+-------+-------+-------+-------++-------
  Melee: Short sword       |       |       |    12 |       |    18 |       |       |       |       ||    30
         Punch             |       |       |     1 |       |       |       |       |       |       ||     1
   Fire: Sling             |    89 |    73 |   313 |       |       |       |       |       |       ||   475
         Shortbow          |       |       |   104 |   513 |    93 |       |       |       |       ||   710
         Orcbow            |       |       |       |       |   277 |       |       |       |       ||   277
         Longbow           |       |       |       |       |   965 |  1500 |  1652 |  1199 |  2397 ||  7713
         Arbalest          |       |       |       |       |       |     6 |       |       |       ||     6
  Throw: Dart              |       |       |       |       |     1 |     1 |     1 |       |     6 ||     9
         Throwing net      |       |       |       |       |       |     1 |       |       |     6 ||     7
   Cast: Jinxbite          |    23 |    19 |    86 |    69 |    67 |     2 |       |       |       ||   266
         Apportation       |       |       |       |       |       |     1 |       |       |    12 ||    13
         Irradiate         |       |       |       |       |       |       |     6 |     7 |   119 ||   132
         Passwall          |       |       |       |       |       |       |       |       |    12 ||    12
 Invoke: Potion Petition   |       |       |     1 |     2 |       |       |     3 |     1 |    11 ||    18
  Evoke: Wand              |       |       |       |     5 |     8 |     7 |       |     6 |    25 ||    51
         Phial of floods   |       |       |       |       |     3 |     3 |     1 |     2 |     2 ||    11
         Box of beasts     |       |       |       |       |     1 |       |       |       |     1 ||     2
         Condenser vane    |       |       |       |       |       |     4 |     4 |     2 |     8 ||    18
         Lightning rod     |       |       |       |       |       |       |    12 |    12 |    21 ||    45
         Phantom mirror    |       |       |       |       |       |       |       |     1 |     2 ||     3
    Use: Scroll            |       |       |    12 |    16 |    15 |    13 |    13 |     7 |    28 ||   104
         Potion            |       |       |       |     3 |     3 |     2 |     1 |     7 |    16 ||    32
   Stab: Paralysed         |       |       |       |       |    18 |       |       |       |       ||    18
 Armour: Robe              |     2 |    16 |    83 |   101 |   186 |   196 |   251 |   149 |   460 ||  1444
  Dodge: Dodged            |    14 |    21 |   134 |   258 |   448 |   452 |   444 |   272 |   973 ||  3016

Table legend: (Time is in decaauts)
 A = Elapsed time spent in this place.
 B = Non-inter-level travel time spent in this place.
 C = Inter-level travel time spent in this place.
 D = Time resting spent in this place.
 E = Time spent auto-exploring this place.
 F = Levels seen in this place.
 G = Mean time per level.
                   A        B        C        D        E       F      G
               +--------+--------+--------+--------+--------+-----+--------+
         Total |  77045 |  70985 |   6060 |  10532 |  45094 |  53 | 1453.7 |
       Dungeon |  20181 |  17320 |   2861 |   2745 |  11441 |  15 | 1345.4 |
        Temple |     46 |     20 |     26 |      0 |      0 |   1 |   46.0 |
          Lair |   9557 |   8675 |    882 |   2141 |   5087 |   5 | 1911.4 |
        Shoals |   4926 |   4620 |    306 |    269 |   3204 |   4 | 1231.5 |
     Snake Pit |   5903 |   5734 |    169 |    781 |   3928 |   4 | 1475.8 |
  Orcish Mines |   1982 |   1565 |    417 |     26 |   1083 |   2 |  991.0 |
   Elven Halls |   4983 |   4738 |    245 |    596 |   3134 |   3 | 1661.0 |
        Vaults |   9809 |   9356 |    453 |   1804 |   5453 |   5 | 1961.8 |
        Depths |   9150 |   8584 |    566 |    345 |   6386 |   4 | 2287.5 |
           Zot |   5046 |   4913 |    133 |   1169 |   2365 |   5 | 1009.2 |
       Ossuary |    911 |    911 |      0 |     18 |    633 |   1 |  911.0 |
        Bailey |    579 |    579 |      0 |      0 |    360 |   1 |  579.0 |
      Ice Cave |   1513 |   1513 |      0 |    420 |    528 |   1 | 1513.0 |
        Wizlab |   1522 |   1522 |      0 |      0 |   1059 |   1 | 1522.0 |
      Gauntlet |    931 |    931 |      0 |    215 |    430 |   1 |  931.0 |
               +--------+--------+--------+--------+--------+-----+--------+

Top non-repeatable levels by time:
  Lair:5: 4240 daAuts
Vaults:5: 3410 daAuts
Depths:3: 2936 daAuts
Depths:4: 2665 daAuts
 Snake:1: 2335 daAuts
   Zot:1: 2127 daAuts
  Lair:2: 2044 daAuts
   Zot:5: 1997 daAuts
    D:14: 1993 daAuts
   Elf:3: 1924 daAuts
    D:10: 1868 daAuts
Depths:2: 1779 daAuts
Depths:1: 1768 daAuts
Shoals:4: 1704 daAuts
Vaults:4: 1703 daAuts
